 Dungeon Crawl Stone Soup version 0.30.1-4-g462c640d31 (webtiles) character file.

Game seed: 8578329142422248361

23 Diggabert the Vexing (level 2, -2/20 HPs)
             Began as a Demigod Enchanter on Aug 11, 2023.
             Slain by a worm (4 damage)
             ... on level 2 of the Dungeon.
             The game lasted 00:02:24 (1296 turns).

Diggabert the Vexing (Demigod Enchanter)            Turns: 1296, Time: 00:02:24

Health: -2/20      AC:  5    Str: 15    XL:     2   Next: 57%
Magic:  7/7        EV: 11    Int: 17    God:
Gold:   100        SH:  0    Dex: 14    Spells: 5/5 levels left

rFire   . . .        a - +0 mace
rCold   . . .        (no shield)
rNeg    . . .        f - +0 ring mail
rPois   .            (no helmet)
rElec   .            (no cloak)
rCorr   .            (no gloves)
SInv    .            (no boots)
Will    .....        (no amulet)
Stlth   +            d - +6 ring of strength
HPRegen 0.23/turn    (no ring)
MPRegen 0.10/turn

%: no passive effects
@: no status effects
A: high MP 1, forlorn, divine attributes
a: no special abilities


You were on level 2 of the Dungeon.
You visited 1 branch of the dungeon, and saw 2 of its levels.

You collected 100 gold pieces.

Inventory:

Hand Weapons
 a - a +0 mace (weapon)
 b - a +0 spear
Armour
 f - a +0 ring mail (worn)
Jewellery
 d - a +6 ring of strength (left hand)
Scrolls
 e - a scroll of identify {unknown}
Potions
 c - 2 potions of invisibility


   Skills:
 * Level 0.2 Fighting
 - Level 0.8 Short Blades
 * Level 0.1 Maces & Flails
 * Level 0.2 Armour
 * Level 2.0 Dodging
 - Level 2.6 Stealth
 * Level 2.0 Spellcasting
 * Level 3.2 Hexes


You had 5 spell levels left.
You didn't know any spells.
Your spell library contained the following spells:

 Spells                   Type           Power      Damage    Failure   Level
 Ensorcelled Hibernation  Hex/Ice        14%        N/A       30%         2
 Confusing Touch          Hex            12%        N/A       30%         3
 Tukima's Dance           Hex            12%        N/A       30%         3
 Dazzling Flash           Conj/Hex       14%        N/A       52%         3


Dungeon Overview and Level Annotations

Branches:
Dungeon (2/15)


Innate Abilities, Weirdness & Mutations

You have an increased reservoir of magic. (+10% MP)
You shall have no god before yourself.
Your divine heritage dramatically boosts your attributes as you level up.


Message History

The giant cockroach barely misses you. The giant cockroach closely misses you.
You barely miss the giant cockroach.
The giant cockroach is heavily wounded.
The giant cockroach bites you but does no damage.
You closely miss the giant cockroach.
The giant cockroach is heavily wounded.
The giant cockroach closely misses you. The giant cockroach bites you.
You barely miss the giant cockroach.
The giant cockroach is heavily wounded.
The giant cockroach barely misses you.
The giant cockroach completely misses you.
You hit the giant cockroach.
You kill the giant cockroach!
You miss the frilled lizard. The frilled lizard barely misses you.
You barely miss the frilled lizard.
The frilled lizard bites you but does no damage.
You miss the frilled lizard. The frilled lizard misses you.
The frilled lizard barely misses you.
You hit the frilled lizard but do no damage.
The frilled lizard bites you.
You hit the frilled lizard.
You kill the frilled lizard!
You hit the worm.
The worm is lightly wounded.
The worm bites you.
* * * LOW HITPOINT WARNING * * *
You hit the worm but do no damage. The worm bites you but does no damage.
You hit the worm.
The worm is moderately wounded.
The worm bites you.
* * * LOW HITPOINT WARNING * * *
You barely miss the worm.
The worm is moderately wounded.
The worm closely misses you.
You hit the worm.
The worm is heavily wounded.
You sock the worm!
The worm is almost dead.
The worm bites you.
You die...

### ###.. #....
#### #...##.<#
#...#@..#
+#...#w.##
#.....###
.............#
.....⌠..)....#
[............#
###.....###....
..#...#. #...
...#... . ...


You could see a worm.

Vanquished Creatures
  An endoplasm (D:1)
  2 giant cockroaches
  2 goblins (D:1)
  3 hobgoblins (D:1)
  3 quokkas (D:1)
  3 bats (D:1)
  5 frilled lizards
  4 rats (D:1)
23 creatures vanquished.

Notes
Turn   | Place    | Note
-------+----------+-------------------------------------------
     0 | D:1      | Diggabert the Demigod Enchanter began the quest for the
                  | Orb.
     0 | D:1      | Reached XP level 1. HP: 14/14 MP: 5/5
   378 | D:1      | Reached skill level 3 in Hexes
   491 | D:1      | Reached XP level 2. HP: 17/20 MP: 7/7
  1293 | D:2      | HP: 1/20 [worm (6)]
  1296 | D:2      | Slain by a worm

Illustrated notes

Levels and vault maps discovered:
D:1:      heliophobic_arrival_glass_houses, layout_loops_corners,
          minmay_misc_feat_ornament, moated_statue
D:2:      minmay_general_purpose_star, layout_loops_ring, basic_altar,
          grunt_ministairs_6, chequers_jeans, chequers_garden,
          nrook_loot_triangle, chequers_mini_garden, feat_on_display

Skill      XL: |  1  2 |
---------------+-------+-----
Hexes          | 3 |  3.2
Dodging        | 2 |  2.0
Spellcasting   | 2 |  2.0
Fighting       | |  0.2
Short Blades   | |  0.8
Maces & Flails | |  0.1
Armour         | |  0.2
Stealth        | |  2.6

Action                     || total
---------------------------++-------
  Melee: Dagger            ||    54
         Mace              ||    40
         Punch             ||     1
   Stab: Sleeping          ||     2
 Armour: Robe              ||    11
         Ring mail         ||    14
  Dodge: Dodged            ||    62
